AoeStats
← CazadorGT

Nomad

507499640Analyzed
2v2 RM · 14d ago on Sep 18, 2026· 54m 38s· 4 players
Game mode
Random Map
Map size
176×176
Population
200
Speed
Normal
Resources
Standard
Victory
Conquest
Starting age
Dark Age
Ending age
Imperial Age
RankedLock teamsTeams togetherTeam positionsShared explorationLock speedFull tech treeHidden civsTurbo modeCheats
Victory
Defeat
🇦🇷 Malians · Argentina
1089
+15
🇪🇸 Lithuanians · Spain
1051
+17
🇬🇹 Malians · Guatemala
1150
-19
🇮🇹 Dravidians · Italy
986
-13
OBrien11
2:58 Loom
15:58 Feudal Age
17:14 Wheelbarrow
16:27 Double-Bit Axe
16:34 Fishing Lines
22:17 Castle Age
20:57 Scale Barding Armor
21:03 Forging
22:15 Bloodlines
22:45 Gold Mining
23:42 Husbandry
24:11 Bow Saw
24:42 Chain Barding Armor
26:55 Iron Casting
27:54 Medium Warships
27:35 Gillnets
28:39 Hand Cart
28:00 Demolition Ship
30:18 Stone Mining
30:20 Fletching
34:34 Imperial Age
32:44 Ballistics
33:13 Bodkin Arrow
35:43 Elite Leitis
37:14 Conscription
47:26 Plate Barding Armor
47:47 Heavy Warships
47:54 Murder Holes
54:50 Chemistry
54:02 Masonry
LoRD_FeDe
14:03 Feudal Age
12:19 Loom
20:09 Castle Age
21:44 Forging
23:07 Iron Casting
23:33 Scale Mail Armor
27:22 Wheelbarrow
30:05 Fletching
34:53 Double-Bit Axe
36:15 Chain Mail Armor
37:05 Squires
36:50 Arson
37:14 Scale Barding Armor
38:27 Horse Collar
40:37 Husbandry
40:48 Bloodlines
41:01 Chain Barding Armor
43:26 Imperial Age
41:15 Gold Mining
42:50 Heavy Plow
43:32 Cavalier
45:36 Conscription
45:44 Farimba
48:09 Plate Barding Armor
51:25 Bodkin Arrow
verbumdei76
4:39 Loom
16:00 Feudal Age
18:49 Double-Bit Axe
23:24 Castle Age
22:13 Scale Mail Armor
22:50 Fletching
22:26 Man-at-Arms
23:22 Padded Archer Armor
24:48 Medium Warships
24:53 Gold Mining
25:22 Town Watch
25:59 Thumb Ring
25:30 Long Swordsman
37:17 Wheelbarrow
42:33 Leather Archer Armor
42:54 Bodkin Arrow
44:56 Pikeman
53:43 Forging
CazadorGT
5:53 Loom
12:12 Feudal Age
17:40 Fletching
22:42 Padded Archer Armor
23:54 Town Watch
26:50 Castle Age
27:03 Forging
28:03 Bodkin Arrow
27:53 Crossbowman
Connection lost

Rejoining the realm…

Still unreachable

The connection could not be restored.

Session expired

The server has moved on; the page needs a fresh start.